 Dungeon Crawl Stone Soup version 0.26-a0-1033-gd598b01645 (webtiles) character file.

Game seed: 14353356214285545113

81 ANON1729 the Insei (level 4, -9/33 HPs)
             Began as a Merfolk Transmuter on Dec 10, 2020.
             Killed from afar by an orc wizard (10 damage)
             ... with a puff of flame
             ... on level 3 of the Dungeon.
             The game lasted 00:03:53 (2598 turns).

ANON1729 the Insei (Merfolk Transmuter)             Turns: 2598, Time: 00:03:54

Health: -9/33      AC:  3    Str: 10    XL:     4   Next: 40%
Magic:  16/16      EV: 13    Int: 13    God:
Gold:   82         SH:  0    Dex: 14    Spells: 6/7 levels left

rFire    . . .     SeeInvis +     - Unarmed
rCold    . . .     Faith    .   (no shield)
rNeg     . . .     Spirit   .   a - +0 robe
rPois    .         Reflect  .   e - +1 hat
rElec    .         Harm     .   (no cloak)
rCorr    .         Rampage  .   (no gloves)
Will     .....                  (no boots)
Stlth    +.........             (no amulet)
HPRegen  0.11/turn              n - ring of see invisible
MPRegen  0.15/turn              d - ring of magical power

@: no status effects
A: change form in water, swift swim, stealthy swim
a: no special abilities


You were on level 3 of the Dungeon.
You visited 1 branch of the dungeon, and saw 3 of its levels.

You collected 82 gold pieces.

Inventory:

Armour
 a - a +0 robe (worn)
 e - a +1 hat (worn)
Jewellery
 b - an uncursed ring of resist corrosion
 d - a ring of magical power (right hand)
 n - a ring of see invisible (left hand)
Scrolls
 g - 5 scrolls of remove curse
 i - 2 scrolls of enchant armour {unknown}
 m - 2 scrolls of teleportation {unknown}
 o - 2 scrolls of blinking {unknown}
 p - 2 scrolls of immolation {unknown}
 r - a scroll of fog {unknown}
Potions
 c - 2 potions of berserk rage {unknown}
 f - a potion of magic {unknown}
 h - a potion of degeneration {unknown}
 j - a potion of resistance {unknown}
 k - a potion of lignification {unknown}
 l - a potion of mutation {unknown}
 q - a potion of brilliance {unknown}
 s - a potion of haste {unknown}


   Skills:
 + Level 2.1 Fighting
 + Level 3.5 Dodging
 * Level 4.0 Unarmed Combat
 + Level 2.4 Spellcasting
 + Level 3.5 Transmutations


You had 6 spell levels left.
You knew the following spells:

 Your Spells              Type           Power        Failure   Level
a - Beastly Appendage     Tmut           ##....       5%          1

Your spell library contained the following spells:

 Spells                   Type           Power        Failure   Level
 Wereblood                Tmut           ##......     9%          2
 Spider Form              Tmut/Pois      #.........   34%         3
 Ice Form                 Ice/Tmut       #.......     75%         4
 Blade Hands              Tmut           ##........   83%         5


Dungeon Overview and Level Annotations

Branches:
Dungeon (3/15)

Altars:
Fedhas
Kikubaaqudgha


Message History

The orc wizard hits you with a +0 dagger.
* * * LOW HITPOINT WARNING * * *
You hit the orc wizard.
The orc wizard is almost dead.
The orc wizard casts a spell at you. The puff of frost hits you!
* * * LOW HITPOINT WARNING * * *
You hit the orc wizard but do no damage.
The orc wizard is almost dead.
The orc wizard barely misses you.
You hit the orc wizard but do no damage.
The orc wizard is almost dead.
The orc wizard barely misses you.
You hit the orc wizard but do no damage.
The orc wizard is almost dead.
Your horns disappear.
Your +1 hat unmelds from your body.
The orc wizard casts a spell at you. The puff of flame hits you!
You die...

#### ..# #.#
###.#########
####.###.......o@..#
.............#####.#
.#.#.#.##...## #.#
.......## #.#
###.###.# #.# #. #.#
#.# .. #'# #.#####
## ... #.....# ...
#.##..#


You could see an orc wizard.

Vanquished Creatures
  An adder (D:2)
  2 oozes
  A worm (D:2)
  3 dart slugs
  A leopard gecko (D:1)
  2 orcs (D:3)
  2 ball pythons (D:1)
  A giant cockroach (D:1)
  8 hobgoblins
  4 jackals (D:1)
  4 bats
  4 frilled lizards
  4 goblins
  8 kobolds
  7 rats
52 creatures vanquished.

Notes
Turn   | Place    | Note
-------+----------+-------------------------------------------
     0 | D:1      | ANON1729 the Merfolk Transmuter began the quest for the
                  | Orb.
     0 | D:1      | Reached XP level 1. HP: 15/15 MP: 3/3
    64 | D:1      | Reached XP level 2. HP: 14/21 MP: 5/5
   675 | D:1      | Reached XP level 3. HP: 25/27 MP: 6/6
  1946 | D:2      | Reached XP level 4. HP: 30/33 MP: 6/7
  2449 | D:2      | Found a blossoming altar of Fedhas.
  2450 | D:2      | Found an ancient bone altar of Kikubaaqudgha.
  2583 | D:3      | Reached skill level 4 in Unarmed Combat
  2595 | D:3      | HP: 1/33 [orc wizard/puff of frost (8)]
  2598 | D:3      | Killed from afar by an orc wizard

Illustrated notes

Levels and vault maps discovered:
D:1:      nzn_arrival_depleted_hourglass, layout_basic
D:2:      layout_rooms, grunt_temple_overflow_growth_and_decay
D:3:      layout_loops_corners, lemuel_zombie_altar_yredelemnul,
          gup_sewer_entry_spiral

Skill      XL: |  1  2  3  4 |
---------------+-------------+-----
Transmutations | 3 |  3.5
Dodging        | 3 |  3.5
Fighting       | 2 |  2.1
Unarmed Combat | 4 |  4.0
Spellcasting   | |  2.4

Action                   |  1- 3 |  4- 6 || total
-------------------------+-------+-------++-------
Melee: Unarmed           |   135 |    59 ||   194
       Punch             |     2 |     3 ||     5
       Headbutt          |     2 |     6 ||     8
 Cast: Beastly Appendage |     4 |     1 ||     5
  Use: Scroll            |       |     1 ||     1
 Stab: Sleeping          |     1 |       ||     1
Armor: Robe              |    43 |     4 ||    47
Dodge: Dodged            |    97 |    23 ||   120

Table legend: (Time is in decaauts)
 A = Elapsed time spent in this place.
 B = Non-inter-level travel time spent in this place.
 C = Inter-level travel time spent in this place.
 D = Time resting spent in this place.
 E = Time spent auto-exploring this place.
 F = Levels seen in this place.
 G = Mean time per level.
                   A        B        C        D        E       F      G
               +--------+--------+--------+--------+--------+-----+--------+
         Total |   2580 |   2335 |    245 |    395 |   1449 |   3 |  860.0 |
       Dungeon |   2580 |   2335 |    245 |    395 |   1449 |   3 |  860.0 |
               +--------+--------+--------+--------+--------+-----+--------+

Top non-repeatable levels by time:
     D:1: 1687 daAuts
     D:2: 812 daAuts
     D:3: 81 daAuts
